3L
HARTFORD WHALERS @ KINGSTON TOWNSHIP LEGION
09/13/2025
 
TOP OF THE 1ST
Hartford Whalers batting - Pitching for Kingston Township Legion : RHP Jon Briddon
Pitching: RHP Jon Briddon
Batting: RHB Joe Craig 0-0: Ball
1-0: Ball
2-0: Foul Ball, location: 2F
2-1: DOUBLE (Groundball, 5L)
Batting: SHB Francisco Reyes 0-0: Swinging Strike
0-1: Ball
1-1: Foul Ball, location: 2F
1-2: Ball
2-2: Foul Ball, location: 2F
2-2: Strikes out swinging
Batting: RHB Juan García 0-0: Ball
1-0: Foul Ball, location: 2F
1-1: Called Strike
1-2: Ball
2-2: Strikes out swinging
Batting: SHB Virgil Eberle 0-0: Foul Ball, location: 2F
0-1: Swinging Strike
0-2: Ball
1-2: Strikes out looking
Top of the 1st over - 0 run(s), 1 hit(s), 0 error(s), 1 left on base; Hartford 0 - Kingston Township 0
BOTTOM OF THE 1ST
Kingston Township Legion batting - Pitching for Hartford Whalers : LHP Joo-seok Yi
Pitching: LHP Joo-seok Yi
Batting: LHB Forrest McCooke 0-0: Called Strike
0-1: Ball
1-1: Called Strike
1-2: SINGLE (Groundball, 34D)
Batting: LHB Christian Blair 0-0: Ball
1-0: Ball
Passed Ball!
Forrest McCooke to second
2-0: Called Strike
2-1: Ground out U3 (Groundball, 3L)
Forrest McCooke to third
Batting: LHB Clay Rush 0-0: Called Strike
0-1: Ball
1-1: Ground out 6-3 (Groundball, 6)
Forrest McCooke scores
Batting: RHB Clarence Neal 0-0: Called Strike
0-1: Ball
1-1: Swinging Strike
1-2: Ball
2-2: SINGLE (Groundball, 6D)
Batting: LHB Andrés Chávez 0-0: Ball
1-0: Fly out, F9 (Flyball, 9)
Bottom of the 1st over - 1 run(s), 2 hit(s), 0 error(s), 1 left on base; Hartford 0 - Kingston Township 1
TOP OF THE 2ND
Hartford Whalers batting - Pitching for Kingston Township Legion : RHP Jon Briddon
Batting: SHB Jorge Barrios 0-0: Ball
1-0: Called Strike
1-1: Foul Ball, location: 2F
1-2: Ball
2-2: Ball
3-2: Base on Balls
Batting: LHB Tom Benjamin 0-0: Called Strike
0-1: Ball
1-1: Called Strike
1-2: Strikes out looking
Batting: SHB Al Anderson 0-0: Foul Ball, location: 2F
0-1: 2-RUN HOME RUN (Flyball, 89XD), Distance : 440 ft
Batting: RHB Jake Hutchinson 0-0: Ball
1-0: Called Strike
1-1: Ground out 6-3 (Groundball, 6)
Batting: RHB Juan Tapia 0-0: Called Strike
0-1: Foul Ball, location: 2F
0-2: Fly out, F8 (Flyball, 8RM)
Top of the 2nd over - 2 run(s), 1 hit(s), 0 error(s), 0 left on base; Hartford 2 - Kingston Township 1
BOTTOM OF THE 2ND
Kingston Township Legion batting - Pitching for Hartford Whalers : LHP Joo-seok Yi
Batting: RHB Jeffery Campbell 0-0: Ball
1-0: Ball
2-0: Foul Ball, location: 2F
2-1: Ball
3-1: Base on Balls
Batting: LHB Martín Núñes 0-0: Ball
1-0: Fielders Choice at 2nd, 4-6 (Groundball, 34)
Batting: RHB Juan Aguirre 0-0: Ball
1-0: Ball
2-0: Ball
3-0: Called Strike
3-1: Grounds into double play, 6-4-3 (Groundball, 6)
Bottom of the 2nd over - 0 run(s), 0 hit(s), 0 error(s), 0 left on base; Hartford 2 - Kingston Township 1
TOP OF THE 3RD
Hartford Whalers batting - Pitching for Kingston Township Legion : RHP Jon Briddon
Batting: RHB Joe Craig 0-0: Ball
1-0: Ground out 4-3 (Groundball, 4)
Batting: SHB Francisco Reyes 0-0: Ball
1-0: Foul Ball, location: 2F
1-1: Reached via error on a dropped throw, E1
Batting: RHB Juan García 0-0: Ball
1-0: Ball
2-0: Ball
3-0: Called Strike
3-1: Called Strike
3-2: TRIPLE (Flyball, 9LD)
Francisco Reyes scores
Batting: SHB Virgil Eberle 0-0: Ball
1-0: Foul Ball, location: 2F
1-1: Foul Ball, location: 2F
1-2: Foul Ball, location: 2F
1-2: Ball
2-2: Ground out 6-3 (Groundball, 6S)
Juan García scores
Batting: SHB Jorge Barrios 0-0: Ball
1-0: Called Strike
1-1: Called Strike
1-2: Ground out U3 (Groundball, 3)
Top of the 3rd over - 2 run(s), 1 hit(s), 1 error(s), 0 left on base; Hartford 4 - Kingston Township 1
BOTTOM OF THE 3RD
Kingston Township Legion batting - Pitching for Hartford Whalers : LHP Joo-seok Yi
Batting: RHB Pedro Mendoza 0-0: Ground out 5-3 (Groundball, 5)
Batting: LHB Forrest McCooke 0-0: Foul Ball, location: 2F
0-1: Bunted foul
0-2: SINGLE (Groundball, 34D)
Batting: LHB Christian Blair 0-0: Ball
1-0: Ball
2-0: Swinging Strike
2-1: Swinging Strike
2-2: Foul Ball, location: 2F
2-2: Foul Ball, location: 2F
2-2: Ball
Wild Pitch!
Forrest McCooke to second
3-2: Base on Balls
Batting: LHB Clay Rush 0-0: SINGLE (Groundball, 4MD)
Forrest McCooke to third
Christian Blair to second
Runner from 3rd tries for Home, SAFE, no throw
Batting: RHB Clarence Neal 0-0: Ball
1-0: Fly out, F9 (Flyball, 9S)
Batting: LHB Andrés Chávez 0-0: Ball
1-0: Foul Ball, location: 2F
1-1: SINGLE (Line Drive, 34)
Christian Blair to third
Clay Rush to second
Runner from 3rd tries for Home, SAFE, no throw
Batting: RHB Jeffery Campbell 0-0: Called Strike
0-1: DOUBLE (Groundball, 5L)
Clay Rush scores
Andrés Chávez to third
Runner from 3rd tries for Home, SAFE, no throw
Batting: LHB Martín Núñes 0-0: Ball
1-0: Swinging Strike
1-1: Fly out, F7 (Flyball, 7D)
Bottom of the 3rd over - 4 run(s), 4 hit(s), 0 error(s), 1 left on base; Hartford 4 - Kingston Township 5
TOP OF THE 4TH
Hartford Whalers batting - Pitching for Kingston Township Legion : RHP Jon Briddon
Batting: LHB Tom Benjamin 0-0: Ball
1-0: Foul Ball, location: 2F
1-1: Foul Ball, location: 2F
1-2: Strikes out looking
Batting: SHB Al Anderson 0-0: Called Strike
0-1: Ball
1-1: Ball
2-1: Ball
3-1: Foul Ball, location: 2F
3-2: Strikes out swinging
Batting: RHB Jake Hutchinson 0-0: Ball
1-0: Swinging Strike
1-1: Ground out 6-3 (Groundball, 6)
Top of the 4th over - 0 run(s), 0 hit(s), 0 error(s), 0 left on base; Hartford 4 - Kingston Township 5
BOTTOM OF THE 4TH
Kingston Township Legion batting - Pitching for Hartford Whalers : LHP Joo-seok Yi
Batting: RHB Juan Aguirre 0-0: Ground out 1-3 (Groundball, P)
Batting: RHB Pedro Mendoza 0-0: Ground out 5-3 (Groundball, 25)
Batting: LHB Forrest McCooke 0-0: Ground out 6-3 (Groundball, 6)
Bottom of the 4th over - 0 run(s), 0 hit(s), 0 error(s), 0 left on base; Hartford 4 - Kingston Township 5
TOP OF THE 5TH
Hartford Whalers batting - Pitching for Kingston Township Legion : RHP Jon Briddon
Batting: RHB Juan Tapia 0-0: Swinging Strike
0-1: Swinging Strike
0-2: Strikes out swinging
Batting: RHB Joe Craig 0-0: Called Strike
0-1: Ball
1-1: Foul Ball, location: 2F
1-2: DOUBLE (Flyball, 9D)
Batting: SHB Francisco Reyes 0-0: Ball
1-0: Fly out, F1 (Line Drive, 13S)
Lined into DP, 1-6 (Line Drive, 13S)
Top of the 5th over - 0 run(s), 1 hit(s), 0 error(s), 0 left on base; Hartford 4 - Kingston Township 5
BOTTOM OF THE 5TH
Kingston Township Legion batting - Pitching for Hartford Whalers : LHP Joo-seok Yi
Batting: LHB Christian Blair 0-0: Called Strike
0-1: Ball
1-1: Ball
2-1: Foul Ball, location: 2F
2-2: Ball
3-2: Foul Ball, location: 2F
3-2: Base on Balls
Batting: LHB Clay Rush 0-0: Ball
1-0: Fly out, F7 (Flyball, 7)
Batting: RHB Clarence Neal 0-0: SINGLE (Groundball, 6MD)
Christian Blair to second
Runner from 2nd tries for 3rd, OUT!
Batting: LHB Andrés Chávez 0-0: Foul Ball, location: 2F
0-1: Fly out, F9 (Flyball, 89S)
Bottom of the 5th over - 0 run(s), 1 hit(s), 0 error(s), 1 left on base; Hartford 4 - Kingston Township 5
TOP OF THE 6TH
Hartford Whalers batting - Pitching for Kingston Township Legion : RHP Jon Briddon
Batting: RHB Juan García 0-0: Ball
1-0: Called Strike
1-1: Fly out, F8 (Line Drive, 8LM)
Batting: RHB Rodrigo Lugo 0-0: Ball
1-0: Foul Ball, location: 2F
1-1: Swinging Strike
1-2: Ball
2-2: Ball
3-2: Foul Ball, location: 2F
3-2: Strikes out swinging
Batting: SHB Jorge Barrios 0-0: Ball
1-0: Foul Ball, location: 2F
1-1: Foul Ball, location: 2F
1-2: Foul Ball, location: 2F
1-2: Fly out, F7 (Flyball, 7)
Top of the 6th over - 0 run(s), 0 hit(s), 0 error(s), 0 left on base; Hartford 4 - Kingston Township 5
BOTTOM OF THE 6TH
Kingston Township Legion batting - Pitching for Hartford Whalers : LHP Joo-seok Yi
Now in RF: Rodrigo Lugo
Batting: RHB Jeffery Campbell 0-0: Called Strike
0-1: Foul Ball, location: 2F
0-2: Foul Ball, location: 2F
0-2: Ball
1-2: Foul Ball, location: 2F
1-2: Strikes out looking
Batting: LHB Martín Núñes 0-0: Called Strike
0-1: SINGLE (Line Drive, 6D)
Batting: RHB Juan Aguirre 0-0: Ball
1-0: Ball
2-0: Ball
3-0: Called Strike
3-1: Fly out, F2 (Popup, 15S)
Batting: RHB Pedro Mendoza 0-0: Ball
1-0: SINGLE (Groundball, 6MD)
Martín Núñes to second
Runner from 2nd tries for 3rd, SAFE, no throw
Batting: LHB Forrest McCooke 0-0: Ball
1-0: Ball
2-0: Ball
3-0: Base on Balls
Pedro Mendoza to second
Batting: LHB Christian Blair 0-0: Ball
1-0: Ball
2-0: Fly out, F9 (Flyball, 9)
Bottom of the 6th over - 0 run(s), 2 hit(s), 0 error(s), 3 left on base; Hartford 4 - Kingston Township 5
TOP OF THE 7TH
Hartford Whalers batting - Pitching for Kingston Township Legion : RHP Jon Briddon
Batting: LHB Tom Benjamin 0-0: Called Strike
0-1: Foul Ball, location: 2F
0-2: Ball
1-2: DOUBLE (Flyball, 7LM)
Batting: SHB Al Anderson 0-0: Ball
1-0: Called Strike
1-1: Ball
2-1: Ball
3-1: Called Strike
3-2: Base on Balls
Batting: RHB Jake Hutchinson 0-0: Ball
1-0: Sac Bunt - play at third, runner OUT! 1-6
Al Anderson to second
Batting: RHB Juan Tapia 0-0: Called Strike
0-1: SINGLE (Line Drive, 78M)
Al Anderson to third
Jake Hutchinson to second
Batting: RHB Joe Craig 0-0: Ball
1-0: Grounds into fielders choice 6-2 (Groundball, 6)
Jake Hutchinson to third
Juan Tapia to second
Pitching: RHP Jesús Prieto
Batting: SHB Francisco Reyes 0-0: Foul Ball, location: 2F
0-1: Ball
1-1: Foul Ball, location: 2F
1-2: Ball
2-2: Fielders Choice at 2nd, U6 (Groundball, 6M)
Top of the 7th over - 0 run(s), 2 hit(s), 0 error(s), 3 left on base; Hartford 4 - Kingston Township 5
BOTTOM OF THE 7TH
Kingston Township Legion batting - Pitching for Hartford Whalers : LHP Joo-seok Yi
Batting: LHB Clay Rush 0-0: Ball
1-0: Foul Ball, location: 2F
1-1: Foul Ball, location: 2F
1-2: Foul Ball, location: 2F
1-2: SINGLE (Line Drive, 34D)
Pitching: LHP José Rico
Batting: RHB Clarence Neal 0-0: Ball
1-0: Ground out 5-3 (Groundball, 56S)
Clay Rush to second
Pinch Hitting: RHB Jim Scott 0-0: Ground out 5-3 (Groundball, 56)
Batting: RHB Jeffery Campbell 0-0: Ball
1-0: Ball
2-0: Ball
3-0: Base on Balls
Batting: LHB Martín Núñes 0-0: Ball
1-0: SINGLE (Groundball, 34D)
Clay Rush to third
Jeffery Campbell to second
Runner from 3rd tries for Home, throw and OUT!
Bottom of the 7th over - 0 run(s), 2 hit(s), 0 error(s), 2 left on base; Hartford 4 - Kingston Township 5
TOP OF THE 8TH
Hartford Whalers batting - Pitching for Kingston Township Legion : RHP Jesús Prieto
Pitching: LHP Il-young Kim
Now at 3B: Jim Scott
Batting: RHB Juan García 0-0: Ball
1-0: Foul Ball, location: 2F
1-1: Ball
2-1: Ball
3-1: Called Strike
3-2: Base on Balls
Pitching: RHP Yosuke Takahashi
Batting: RHB Rodrigo Lugo 0-0: Ball
1-0: Swinging Strike
1-1: Grounds into double play, 6-4-3 (Groundball, 6)
Pitching: LHP Ezio Deodato
Batting: SHB Jorge Barrios 0-0: Called Strike
0-1: Ball
1-1: Called Strike
1-2: Ball
2-2: Strikes out looking
Top of the 8th over - 0 run(s), 0 hit(s), 0 error(s), 0 left on base; Hartford 4 - Kingston Township 5
BOTTOM OF THE 8TH
Kingston Township Legion batting - Pitching for Hartford Whalers : LHP José Rico
Batting: RHB Juan Aguirre 0-0: Ball
1-0: Foul Ball, location: 2F
1-1: Swinging Strike
1-2: Foul Ball, location: 2F
1-2: Foul Ball, location: 2F
1-2: SINGLE (Groundball, 6MD)
Batting: RHB Pedro Mendoza 0-0: Ball
1-0: Swinging Strike
1-1: Swinging Strike
1-2: Foul Ball, location: 2F
1-2: Strikes out swinging
Batting: LHB Forrest McCooke 0-0: Ball
1-0: Ball
2-0: Foul Ball, location: 2F
2-1: Called Strike
2-2: Ball
3-2: Ground out 4-3 (Groundball, 34)
Juan Aguirre to second
Batting: LHB Christian Blair 0-0: Ball
1-0: SINGLE (Groundball, 4MD)
Juan Aguirre to third
Runner from 3rd tries for Home, SAFE, no throw
Batting: LHB Clay Rush 0-0: Called Strike
0-1: Foul Ball, location: 2F
0-2: Fly out, F9 (Flyball, 89S)
Bottom of the 8th over - 1 run(s), 2 hit(s), 0 error(s), 1 left on base; Hartford 4 - Kingston Township 6
TOP OF THE 9TH
Hartford Whalers batting - Pitching for Kingston Township Legion : LHP Ezio Deodato
Pitching: LHP Carlos Vargas
Batting: LHB Tom Benjamin 0-0: Ball
1-0: Ball
2-0: Called Strike
2-1: Ground out 4-3 (Groundball, 4)
Batting: SHB Al Anderson 0-0: Foul Ball, location: 2F
0-1: Ball
1-1: Called Strike
1-2: Strikes out swinging
Batting: RHB Jake Hutchinson 0-0: Foul Ball, location: 2F
0-1: Ball
1-1: Foul Ball, location: 2F
1-2: Fly out, F9 (Line Drive, 9)
Top of the 9th over - 0 run(s), 0 hit(s), 0 error(s), 0 left on base; Hartford 4 - Kingston Township 6
Friday, December 30th, 2016 - OOTP Baseball 17.12 Build 75